 Dungeon Crawl Stone Soup version 0.28-a0-1524-ge72afd5fc6 (webtiles) character file.

Game seed: 15010209486849856730

681 knot the Chopper (level 7, 45/52 HPs)
             Began as a Demonspawn Berserker on Jan 18, 2022.
             Was a Believer of Trog.
             Quit the game on level 5 of the Dungeon.
             The game lasted 00:04:27 (4353 turns).

knot the Chopper (Demonspawn Berserker)             Turns: 4353, Time: 00:04:28

Health: 45/52      AC:  2    Str: 18    XL:     7   Next: 34%
Magic:  2/2        EV: 15    Int: 10    God:    Trog [**....]
Gold:   151        SH:  0    Dex: 12    Spells: 6/6 levels left

rFire   . . .      SeeInvis .   A - +2 hand axe (antimagic)
rCold   . . .      Faith    .   (no shield)
rNeg    . . .      Spirit   .   x - +0 leather armour {rPois}
rPois   +          Reflect  .   (no helmet)
rElec   .          Harm     .   (no cloak)
rCorr   .          Rampage  .   (no gloves)
Will    .....                   s - +0 pair of boots
Stlth   +.........              (no amulet)
HPRegen 0.17/turn               b - +4 ring of protection
MPRegen 0.16/turn               v - +4 ring of evasion

@: corroded, on berserk cooldown, slowed, very slow
A: hooves 1, slimy green scales 1, magic regeneration
a: Renounce Religion, Berserk, Trog's Hand


You were on level 5 of the Dungeon.
You worshipped Trog.
Trog was pleased with you.
You visited 1 branch of the dungeon, and saw 5 of its levels.

You collected 151 gold pieces.

Inventory:

Hand Weapons
 u - a +1 dagger of venom
 A - a +2 antimagic hand axe (weapon)
Missiles
 a - 2 boomerangs of dispersal
 h - 7 poisoned darts (quivered)
 i - 126 stones
 q - 40 sling bullets
 z - 2 boomerangs
Armour
 s - a +0 pair of boots (worn)
 x - a +0 leather armour of poison resistance (worn)
Jewellery
 b - a +4 ring of protection (left hand)
 o - a ring of willpower
 r - a ring of resist corrosion
 v - a +4 ring of evasion (right hand)
 y - a +6 ring of intelligence
Scrolls
 c - a scroll of magic mapping {unknown}
 d - a scroll of teleportation {unknown}
 e - a scroll of torment {unknown}
 f - a scroll of enchant weapon {unknown}
 g - a scroll of vulnerability {unknown}
 j - a scroll of fog {unknown}
 k - a scroll of noise {unknown}
 n - 2 scrolls of identify {unknown}
 p - a scroll of amnesia {unknown}
 t - a scroll of brand weapon {unknown}
 w - a scroll of enchant armour {unknown}
Potions
 l - a potion of lignification {unknown}
 m - a potion of berserk rage {unknown}


   Skills:
 - Level 3.0 Fighting
 * Level 6.0 Axes
 * Level 4.8 Throwing
 - Level 1.7 Armour
 - Level 1.7 Dodging


You had 6 spell levels left.
You didn't know any spells.
Your spell library contained the following spells:

 Spells                   Type           Power      Damage    Failure   Level
 Blink                    Tloc           0%         N/A       56%         2
 Gell's Gravitas          Tloc           0%         N/A       80%         3
 Lesser Beckoning         Tloc           0%         N/A       80%         3
 Teleport Other           Tloc           0%         N/A       80%         3
 Manifold Assault         Tloc           0%         N/A       100%        5
 Chain Lightning          Conj/Air       0%         N/A       100%        9
 Fire Storm               Conj/Fire      0%         5d1       100%        9
 Shatter                  Erth           0%         3d5*      100%        9


Dungeon Overview and Level Annotations

Branches:
Dungeon (4/15)
 Temple: D:4-7

Altars:
Cheibriados
The Shining One

Shops:
D:2 (


Innate Abilities, Weirdness & Mutations

You have large cloven feet.
You are partially covered in slimy green scales. (AC +2)
You regenerate magic rapidly.


Message History

You feel the power of Trog in you as your rage grows.
You kill the orc!
Trog accepts your kill.
You hit something. Something closely misses you.
A jelly comes into view.
You feel a strong urge to attack something.
You barely miss the jelly.
You feel the effects of Trog's Hand fading.
The jelly misses you.
You slash the jelly! The acid corrodes you!
Your hands burn!
The jelly is heavily wounded.
You closely miss something. You hit the jelly. The acid corrodes you!
Your hands burn!
The jelly is severely wounded.
You closely miss something. The jelly misses you.
You slash the jelly!
You kill the jelly!
Trog accepts your kill.
You hit something.
Your Axes skill increases to level 6!
No target in view!
You slash something! Trog accepts your kill.
Trog appreciates your killing of a magic user.
Reactivating autopickup.
You feel a bit more experienced.
Things that are here:
a +0 dagger; a +0 robe You start resting.
You feel a strong urge to attack something.
You start resting.
You are no longer berserk.
You are exhausted.
You feel yourself slow down.
You start resting.
Your skin stops crawling.
You feel less strong-willed.
Okay, then.
Unknown command.
Unknown command.
Are you sure you want to abandon this character and quit the game? (Confirm with "yes".)

###### #.....
#.....###
#......@##
.......#..## .
.....####.)##....
...# #.))(....#
.. #.####.... #
#.# ### #.#
#.##### #'#...#+#


There were no monsters in sight!

Vanquished Creatures
  Menkaure (D:5)
  2 ogres
  A kobold brigand (D:4)
  A jelly (D:5)
  An orc priest (D:4)
  2 hounds (D:4)
  3 orc wizards
  3 adders (D:2)
  An ufetubus (D:4)
  2 worms (D:2)
  2 dart slugs
  13 orcs
  6 ball pythons
  3 bats
  6 endoplasms
  5 giant cockroaches
  5 goblins
  5 hobgoblins
  3 jackals (D:1)
  7 quokkas
  A frilled lizard (D:2)
  5 kobolds
  5 rats
83 creatures vanquished.

Vanquished Creatures (others)
  2 plants (D:4)
2 creatures vanquished.

Grand Total: 85 creatures vanquished

Notes
Turn   | Place    | Note
-------+----------+-------------------------------------------
     0 | D:1      | knot the Demonspawn Berserker began the quest for the Orb.
     0 | D:1      | Reached XP level 1. HP: 18/18 MP: 1/1
    46 | D:1      | Reached skill level 3 in Axes
   192 | D:1      | Gained mutation: You regenerate magic rapidly. [demonic
                  | ancestry]
   192 | D:1      | Reached XP level 2. HP: 20/24 MP: 2/2
  1060 | D:1      | Reached skill level 1 in Throwing
  1064 | D:1      | Reached XP level 3. HP: 27/29 MP: 3/3
  1496 | D:2      | Found Zadwof's Weapon Shoppe.
  1899 | D:2      | Reached ** piety under Trog
  1902 | D:2      | Reached XP level 4. HP: 29/35 MP: 4/4
  2063 | D:2      | Reached skill level 4 in Axes
  2644 | D:3      | Noticed an ogre
  2650 | D:3      | Killed an ogre
  2651 | D:3      | Reached XP level 5. HP: 41/41 MP: 5/5
  2894 | D:3      | Found a snail-covered altar of Cheibriados.
  3421 | D:4      | Noticed an ogre
  3428 | D:4      | Killed an ogre
  3436 | D:4      | Gained mutation: You have large cloven feet. [demonic
                  | ancestry]
  3436 | D:4      | Reached XP level 6. HP: 13/47 MP: 6/6
  3835 | D:4      | Reached skill level 5 in Axes
  4317 | D:4      | You fall into a shaft and drop 1 floor!
  4317 | D:5      | Entered Level 5 of the Dungeon
  4329 | D:5      | Noticed Menkaure
  4339 | D:5      | Killed Menkaure
  4340 | D:5      | Gained mutation: You are partially covered in slimy green
                  | scales. (AC +2) [demonic ancestry]
  4340 | D:5      | Reached XP level 7. HP: 52/52 MP: 2/7
  4348 | D:5      | Reached skill level 6 in Axes
  4353 | D:5      | Quit the game

Illustrated notes

Levels and vault maps discovered:
D:1:      dpeg_arrival_ternary, layout_basic
D:2:      layout_rooms, serial_shops, shop_fountains, basic_altar,
          moated_statue, roderic_roman_lattice
D:3:      layout_loops_ring, tso_oasis_becter, kennysheep_slug_shrine,
          nrook_mini_vaults
D:4:      layout_basic, mainiacjoe_overflow_alcove_1, serial_shops,
          nicolae_shop_overgrown_old_shop, uniq_blork_the_orc
D:5:      nicolae_cairo_tiling_very_big, layout_basic, uniq_menkaure

Skill      XL: |  1  2  3  4  5  6  7 |
---------------+----------------------+-----
Axes           | 3 4 5 6 |  6.0
Throwing       | 1 2 3 4 |  4.8
Fighting       | |  3.0
Armour         | |  1.7
Dodging        | |  1.7

Action                   |  1- 3 |  4- 6 |  7- 9 || total
-------------------------+-------+-------+-------++-------
Melee: Hand axe          |   108 |   133 |     7 ||   248
       Punch             |       |     2 |       ||     2
Throw: Dart              |       |     6 |       ||     6
Invok: Berserk           |     3 |     5 |       ||     8
       Trog's Hand       |       |     2 |       ||     2
Armor: Ring mail         |    33 |    42 |       ||    75
       Leather armour    |       |    14 |     1 ||    15
Dodge: Dodged            |    63 |    94 |     3 ||   160

Table legend: (Time is in decaauts)
 A = Elapsed time spent in this place.
 B = Non-inter-level travel time spent in this place.
 C = Inter-level travel time spent in this place.
 D = Time resting spent in this place.
 E = Time spent auto-exploring this place.
 F = Levels seen in this place.
 G = Mean time per level.
                   A        B        C        D        E       F      G
               +--------+--------+--------+--------+--------+-----+--------+
         Total |   4425 |   4279 |    146 |   1516 |   2196 |   5 |  885.0 |
       Dungeon |   4425 |   4279 |    146 |   1516 |   2196 |   5 |  885.0 |
               +--------+--------+--------+--------+--------+-----+--------+

Top non-repeatable levels by time:
     D:1: 1341 daAuts
     D:3: 1115 daAuts
     D:2: 1016 daAuts
     D:4: 923 daAuts
     D:5: 30 daAuts
